 Dungeon Crawl Stone Soup version 0.29-a0-297-g7659ce593d (webtiles) character file.

Game seed: 7686535509257506475

11714 unhaunting the Grappler (level 11, -8/109 HPs)
             Began as a Troll Berserker on Mar 20, 2022.
             Was a High Priest of Trog.
             Mangled by an orc knight
             ... wielding a +0 bardiche
              (17 damage)
             ... in a bailey.
             The game lasted 00:24:44 (6580 turns).

unhaunting the Grappler (Troll Berserker)           Turns: 6580, Time: 00:24:45

Health: -8/109     AC:  6    Str: 31    XL:     11   Next: 52%
Magic:  10/10      EV: 11    Int:  3    God:    Trog [*****.]
Gold:   407        SH:  0    Dex:  9    Spells: 10/10 levels left

rFire   . . .      SeeInvis .     - Unarmed
rCold   . . .      Faith    +   (no shield)
rNeg    + . .      Spirit   .   w - +2 robe {rN+}
rPois   .          Reflect  .   (helmet restricted)
rElec   .          Harm     .   h - scarf {shadows}
rCorr   .          Rampage  .   (gloves unavailable)
Will    .....                   (boots unavailable)
Stlth   +.........              b - amulet of faith
HPRegen 1.08/turn               (no ring)
MPRegen 0.12/turn               (no ring)

@: no status effects
A: large, unfitting armour, claws 3, regeneration 1, shaggy fur 1, tough skin 1
a: Renounce Religion, Berserk, Trog's Hand, Brothers in Arms


You were in a bailey.
You worshipped Trog.
Trog was extremely pleased with you.
You visited 2 branches of the dungeon, and saw 10 of its levels.
You also visited: Bailey.

You collected 517 gold pieces.
You spent 110 gold pieces at shops.

Inventory:

Hand Weapons
 i - a +0 dagger of distortion
Missiles
 g - 121 stones (quivered)
 s - 5 boomerangs
 B - a curare-tipped dart
Armour
 h - a scarf of shadows (worn)
 t - a +0 cloak
 w - a +2 robe of positive energy (worn)
Jewellery
 b - an amulet of faith (around neck)
 q - an amulet of guardian spirit
 y - an amulet of regeneration
Wands
 D - a wand of acid (4)
 E - a wand of paralysis (11)
 F - a wand of iceblast (11)
Scrolls
 d - 2 scrolls of magic mapping
 e - a scroll of torment {unknown}
 k - a scroll of acquirement {unknown}
 m - a scroll of amnesia {unknown}
 n - 2 scrolls of immolation {unknown}
 r - a scroll of noise {unknown}
 u - a scroll of fog {unknown}
 v - 2 scrolls of fear
 x - 3 scrolls of teleportation
Potions
 a - a potion of lignification
 c - a potion of attraction {unknown}
 f - 6 potions of magic
 j - 2 potions of haste
 l - a potion of mutation
 o - 3 potions of heal wounds
 p - 2 potions of curing
 z - 3 potions of invisibility
 A - 3 potions of might
 C - 3 potions of ambrosia
 G - a potion of resistance {unknown}


   Skills:
 + Level 7.1 Fighting
 + Level 7.1 Dodging
 * Level 14.8 Unarmed Combat


You had 10 spell levels left.
You didn't know any spells.
Your spell library was empty.

Dungeon Overview and Level Annotations

Branches:
Dungeon (9/15)             Temple (1/1) D:7          Bailey (1/1)
   Lair: D:8-11         Orc: D:9-12

Altars:
Okawaru
The Shining One

Shops:
D:4 !   D:5 [   D:6 *

Annotations:
D:2 Sigmund
D:8 3 runed translucent doors, iamserjio's ghost, novice VSTm


Innate Abilities, Weirdness & Mutations

You are too large for most types of armour.
You have claws for hands.
Your natural rate of healing is unusually fast.
You are covered in fur. (AC +1)
You have tough skin. (AC +1)


Message History

Your ogre hits the orc warrior with a +0 giant club!!
The orc warrior dies!
Trog accepts your kill. The orc warrior closely misses you.
You closely miss the orc warrior. You claw the orc warrior!!
The orc warrior is almost dead.
An orc warrior comes into view. It is wielding a +0 halberd.
The orc warrior hits you with a +0 halberd!!
You mangle the orc warrior!!
You kill the orc warrior!
Trog accepts your kill.
Found a scroll of enchant armour and 2 scrolls of summoning.
An orc knight comes into view. It is wielding a +0 bardiche.
Your ogre rages.
Found a scroll of enchant weapon and a scroll of summoning.
The orc warrior hits your ogre with a +0 halberd!
Your ogre hits the orc warrior with a +0 giant club!!!
The orc warrior dies!
Trog accepts your kill.
Things that are here:
a +0 halberd; a +0 plate armour; an orc corpse
Found a scroll of summoning and a scroll of enchant armour.
Your ogre hits the orc knight with a +0 giant club!!
Your ogre is no longer berserk.
The orc knight hits you with a +0 bardiche!
Your ogre hits the orc knight with a +0 giant club!
You barely miss the orc knight.
The orc knight is severely wounded.
The orc knight hits you with a +0 bardiche!!
Unknown command.
You barely miss the orc knight.
The orc knight is severely wounded.
The orc knight hits you with a +0 bardiche!!
* * * LOW HITPOINT WARNING * * *
Unknown command.
You barely miss the orc knight.
The orc knight is severely wounded.
Your ogre barely misses the orc knight.
The orc knight hits you with a +0 bardiche!
You die...

####### ###########
#####.....###...@......
...#)......'..).Oo.....
.!.'))#....'.......???.
...'.).....'.).....?.?.
...)))#....'.......??..
...#.......'...........
#####.....###..........
####### ##########


You could see an orc knight (ally target) and a friendly ogre (summoned, slow).

Vanquished Creatures
  A two-headed ogre (D:8)
  An orc knight (Bailey)
  A wyvern (D:8)
  A basilisk (D:7)
  A steam dragon (D:8)
  Edmund (D:5)
  A water moccasin (D:9)
  3 sky beasts
  An ice beast (D:6)
  2 ogres
  5 orc warriors
  2 black bears (D:7)
  A centaur (D:8)
  A kobold brigand (D:9)
  4 bullfrogs
  7 scorpions
  27 wights
  8 killer bees
  A howler monkey (D:6)
  3 gnoll shamans
  2 orc wizards
  15 gnolls
  8 adders
  An ufetubus (D:4)
  A worm (D:3)
  2 dart slugs
  27 orcs
  6 ball pythons
  6 bats
  6 endoplasms
  5 giant cockroaches
  10 goblins
  5 hobgoblins
  6 jackals
  5 kobolds
  5 quokkas
  2 frilled lizards (D:3)
  3 rats
187 creatures vanquished.

Vanquished Creatures (collateral kills)
  5 orc warriors (Bailey)
  5 orcs (Bailey)
10 creatures vanquished.

Vanquished Creatures (others)
  2 fungi (D:7)
2 creatures vanquished.

Grand Total: 199 creatures vanquished

Notes
Turn   | Place    | Note
-------+----------+-------------------------------------------
     0 | D:1      | unhaunting the Troll Berserker began the quest for the Orb.
     0 | D:1      | Reached XP level 1. HP: 22/22 MP: 0/0
   278 | D:1      | Reached XP level 2. HP: 25/29 MP: 1/1
   411 | D:1      | Found a faded altar of an unknown god.
   906 | D:2      | Reached ** piety under Trog
   997 | D:2      | Reached XP level 3. HP: 36/36 MP: 2/2
  1240 | D:2      | Noticed Sigmund
  1345 | D:3      | Reached skill level 4 in Unarmed Combat
  1472 | D:3      | Reached XP level 4. HP: 44/44 MP: 3/3
  1755 | D:4      | Reached *** piety under Trog
  2002 | D:4      | Found Capone Aron's Distillery.
  2005 | D:4      | Bought a potion of curing for 36 gold pieces
  2385 | D:5      | Entered Level 5 of the Dungeon
  2576 | D:5      | Noticed an ogre
  2591 | D:5      | Killed an ogre
  2592 | D:5      | Reached skill level 5 in Unarmed Combat
  2592 | D:5      | Reached XP level 5. HP: 53/53 MP: 4/4
  2726 | D:5      | Reached XP level 6. HP: 35/59 MP: 5/5
  2993 | D:5      | Noticed a sky beast
  3010 | D:5      | Killed a sky beast
  3011 | D:5      | Reached skill level 6 in Unarmed Combat
  3011 | D:5      | Reached XP level 7. HP: 55/68 MP: 6/6
  3075 | D:5      | Found Garghosmu's Antique Armour Shop.
  3075 | D:5      | Noticed Edmund
  3086 | D:5      | Killed Edmund
  3322 | D:5      | Bought a runed robe for 74 gold pieces
  3563 | D:6      | Reached skill level 7 in Unarmed Combat
  3703 | D:6      | Found Rires's Assorted Antiques.
  3937 | D:6      | Reached XP level 8. HP: 71/79 MP: 7/7
  4046 | D:6      | Found a glowing golden altar of the Shining One.
  4293 | D:7      | Found a staircase to the Ecumenical Temple.
  4323 | D:7      | Reached skill level 8 in Unarmed Combat
  4343 | Temple   | Entered the Ecumenical Temple
  4363 | D:7      | Reached skill level 5 in Fighting
  4363 | D:7      | Reached skill level 5 in Dodging
  4430 | D:7      | Reached **** piety under Trog
  4602 | D:7      | Reached skill level 9 in Unarmed Combat
  4602 | D:7      | Reached XP level 9. HP: 26/80 MP: 8/8
  5421 | D:8      | Reached skill level 10 in Unarmed Combat
  5464 | D:8      | Noticed a two-headed ogre
  5476 | D:8      | Killed a two-headed ogre
  5531 | D:8      | Found a runed translucent gate.
  5535 | D:8      | Found a runed translucent gate.
  5537 | D:8      | Found a runed translucent gate.
  5537 | D:8      | Noticed iamserjio's ghost (novice VSTm)
  5663 | D:8      | Reached XP level 10. HP: 87/100 MP: 9/9
  5668 | D:8      | Reached ***** piety under Trog
  5732 | D:8      | Reached skill level 11 in Unarmed Combat
  6381 | D:9      | Found a flagged portal.
  6398 | Bailey   | Entered a bailey
  6538 | Bailey   | Reached skill level 14 in Unarmed Combat
  6538 | Bailey   | Reached XP level 11. HP: 109/109 MP: 10/10
  6542 | Bailey   | Noticed an orc knight
  6555 | Bailey   | Killed an orc knight
  6574 | Bailey   | Noticed an orc knight
  6580 | Bailey   | Mangled by an orc knight

Illustrated notes

Levels and vault maps discovered:
D:1:      lemuel_arrival_behind_the_door_large, layout_loops_ring,
          dreamdust_ecumenical_altar_sealed_demon, chequers_avenue
D:2:      layout_loops_ring, uniq_sigmund
D:3:      layout_basic
D:4:      layout_cave_pods, serial_shops, nicolae_shop_behind_doors
D:5:      layout_cave_pods, serial_shops, nicolae_inconvenience_store,
          uniq_edmund
D:6:      layout_loops_cross, nicolae_tso_swordbearing_angel, serial_shops,
          nicolae_square_shop
D:7:      old_forge, layout_rooms, temple_statues
D:8:      layout_loops_ring, gammafunk_ghost_ooze
D:9:      layout_loops_ring, enter_bailey_4, david_defended_altar_orc
Temple:   regret_index_temple_sigil_plot
Bailey:   bailey_polearm_5, bailey

Skill      XL: |  1  2  3  4  5  6  7  8  9 10 |
---------------+-------------------------------+-----
Unarmed Combat | 4 5 6 7 9 10 14 | 14.8
Fighting       | 3 4 5 6 7 |  7.1
Dodging        | 3 4 5 6 7 |  7.1

Action                   |  1- 3 |  4- 6 |  7- 9 | 10-12 || total
-------------------------+-------+-------+-------+-------++-------
Melee: Unarmed           |    89 |    69 |   220 |   117 ||   495
       Punch             |       |     2 |     8 |     4 ||    14
Throw: Stone             |     3 |       |    17 |       ||    20
Invok: Berserk           |       |     2 |     4 |     1 ||     7
       Brothers in Arms  |       |       |       |     2 ||     2
  Use: Scroll            |     6 |       |     5 |     3 ||    14
       Potion            |       |       |       |     1 ||     1
 Stab: Sleeping          |     1 |       |     1 |       ||     2
Armor: Animal skin       |    30 |    18 |     4 |       ||    52
       Robe              |       |       |    33 |    30 ||    63
Dodge: Dodged            |    52 |    31 |    92 |    64 ||   239

Table legend: (Time is in decaauts)
 A = Elapsed time spent in this place.
 B = Non-inter-level travel time spent in this place.
 C = Inter-level travel time spent in this place.
 D = Time resting spent in this place.
 E = Time spent auto-exploring this place.
 F = Levels seen in this place.
 G = Mean time per level.
                   A        B        C        D        E       F      G
               +--------+--------+--------+--------+--------+-----+--------+
         Total |   6586 |   6241 |    345 |    338 |   4490 |  11 |  598.7 |
       Dungeon |   6392 |   6047 |    345 |    291 |   4490 |   9 |  710.2 |
        Temple |     20 |     20 |      0 |     18 |      0 |   1 |   20.0 |
        Bailey |    173 |    173 |      0 |     29 |      0 |   1 |  173.0 |
               +--------+--------+--------+--------+--------+-----+--------+

Top non-repeatable levels by time:
     D:5: 1079 daAuts
     D:7: 1023 daAuts
     D:8: 984 daAuts
     D:1: 847 daAuts
     D:4: 750 daAuts
     D:6: 733 daAuts
     D:2: 424 daAuts
     D:3: 380 daAuts
  Bailey: 173 daAuts
     D:9: 168 daAuts
  Temple: 20 daAuts
